 Dungeon Crawl Stone Soup version 0.18-a0-1243-g9e52518 (webtiles) character file.

131 Gagarin the Purveyor of Pain (level 4, -8/31 HPs)
             Began as a Vampire Necromancer on Feb 5, 2016.
             Was an Initiate of Kikubaaqudgha.
             Mangled by Pikel
             ... wielding a +1 whip of electrocution
              (19 damage)
             ... on level 4 of the Dungeon.
             The game lasted 00:16:18 (3098 turns).

Gagarin the Purveyor of Pain (Vampire Necromancer)  Turns: 3098, Time: 00:16:18

Health: -8/31      AC:  3    Str:  8    XL:     4   Next: 91%
Magic:  2/17       EV: 15    Int: 17    God:    Kikubaaqudgha [......]
Gold:   214        SH:  0    Dex: 14    Spells: 2 memorised, 4 levels left

rFire  . . .     SeeInvis +     F - staff of summoning
rCold  . . .     Gourm    .     a - +0 robe
rNeg   + . .     Faith    .     (no shield)
rPois  .         Spirit   .     (no helmet)
rElec  .         Dismiss  .     (no cloak)
rCorr  .         Reflect  .     (no gloves)
SustAt .         Harm     .     C - +0 pair of boots
MR     .....                    v - amulet of magic regeneration
Stlth  +++.......               o - +2 ring of evasion
                                k - ring of magical power

@: not resistant to hostile enchantments, fairly stealthy
A: fangs 3, see invisible, unbreathing
a: Bat Form, Renounce Religion


You were on level 4 of the Dungeon.
You worshipped Kikubaaqudgha.
Kikubaaqudgha was noncommittal.
You were not thirsty.

You visited 2 branches of the dungeon, and saw 5 of its levels.

You collected 214 gold pieces.

Inventory:

Hand Weapons
 h - a +0 dagger
 i - a +0 spear of freezing
Armour
 a - a +0 robe (worn)
 C - a +0 pair of boots (worn)
Magical Staves
 F - an uncursed staff of summoning (weapon)
Jewellery
 k - a ring of magical power (left hand)
 o - a +2 ring of evasion (right hand)
 v - an amulet of magic regeneration (around neck)
 A - an uncursed ring of fire {unknown}
Wands
 t - a wand of disintegration (8/24)
 B - a wand of slowing (24/48)
Scrolls
 e - 2 scrolls of immolation {unknown}
 j - 4 scrolls of identify
 n - 3 scrolls of remove curse
 u - 2 scrolls of amnesia {unknown}
 w - a scroll of random uselessness {unknown}
 x - a scroll of enchant armour {unknown}
 y - a scroll of teleportation {unknown}
 z - a scroll of recharging {unknown}
 E - a scroll of magic mapping {unknown}
Potions
 c - 12 potions of blood
 d - 3 potions of flight
 f - 4 potions of curing {unknown}
 g - a potion of heal wounds {unknown}
 l - a potion of invisibility {unknown}
 m - 3 potions of brilliance {unknown}
 p - 2 potions of haste {unknown}
 q - a potion of might {unknown}
 r - a potion of agility {unknown}
 s - a potion of mutation {unknown}
 D - 2 potions of cancellation {unknown}
Books
 b - a book of Necromancy

   Spells                             Type                      Level
   a - Pain                           Necromancy                   1
   b - Animate Skeleton               Necromancy                   1
   c - Vampiric Draining              Necromancy                   3
   d - Regeneration                   Charms/Necromancy            3
   e - Animate Dead                   Necromancy                   4
   f - Control Undead                 Necromancy                   4


   Skills:
 + Level 0.5 Fighting
 + Level 2.7 Dodging
 + Level 3.9 Stealth
 + Level 2.7 Spellcasting
 + Level 5.8 Necromancy


You had 4 spell levels left.
You knew the following spells:

 Your Spells              Type           Power        Failure   Level  Hunger
a - Pain                  Necr           ###.         1%          1    #......
b - Vampiric Draining     Necr           ###.......   6%          3    ###....


Dungeon Overview and Level Annotations

Branches:
Dungeon (4/15)             Temple (1/1) D:4

Altars:
Fedhas
Gozag
Kikubaaqudgha
Makhleb
Pakellas
Qazlal
Trog
Zin
The Shining One

Shops:
D:4 :

Annotations:
D:4 Pikel


Innate Abilities, Weirdness & Mutations

You have razor-sharp teeth.
You have supernaturally acute eyesight.
You can survive without breathing.


Message History

Pikel hits you with a whip of electrocution.
* * * LOW HITPOINT WARNING * * *
Casting: Vampiric Draining
Confirm with . or Enter, or press ? or * to list all spells.
Aiming: Vampiric Draining
Press: ? - help, Shift-Dir - straight line, f/p - Pikel
Aim: Pikel, wielding a whip of electrocution and wearing a glowing robe (lightly wounded) Pikel is moderately wounded.
You feel life coursing into your body.
Pikel zaps a wand.
You resist with some effort.
It is a wand of polymorph.
Evoke which item? (* to show all) (? for menu, Esc to quit)
Zapping:
t - a wand of disintegration (will waste charges)
Press: ? - help, Shift-Dir - straight line, f/p - Pikel
Aim: Pikel, wielding a whip of electrocution, wearing a glowing robe and carrying a wand of polymorph {zapped: 1} (moderately wounded, chance to defeat MR: 65%) Pikel struggles to resist.
Evoking this partially-identified wand wasted a few charges.
Pikel hits you but does no damage.
You are electrocuted!
Ouch! That really hurt!
You die...
Kikubaaqudgha rasps: "You have failed me!
Welcome... oblivion!"

##....... ##......p# #.. #p##
#.#####.p# #....###.##
#.......K.# ..### #.# #...#.#...#
#.#.. ..# .#..#.#.#..#######.#.#
#..
...#.#.#.#..pppK@..#.#####.##.#
#)..#.>.#..#######.#.##........
#..#.#.#.#.# #.#.##.##.##.#
#...#.#.#..# #.#.##.##.##.#
#....#.#...# #∩........##.###
#..........# #.########......
#...#####.########.########.#.###
##### #.......#.....>.......#
###.###.#..#####..###.#


You could see Pikel and 3 slaves.

Vanquished Creatures
  A slave (D:4)
  2 gnolls (D:1)
  5 adders
  2 worms (D:3)
  A giant gecko (D:2)
  An orc (D:3)
  2 ball pythons
  3 giant cockroaches (D:1)
  7 goblins
  5 hobgoblins
  4 jackals (D:2)
  3 quokkas
  8 bats
  3 giant newts
  5 kobolds
  9 rats
61 creatures vanquished.

Notes
Turn   | Place    | Note
--------------------------------------------------------------
     0 | D:1      | Gagarin the Vampire Necromancer began the quest for the Orb.
     0 | D:1      | Reached XP level 1. HP: 13/13 MP: 3/3
   248 | D:1      | Reached XP level 2. HP: 16/19 MP: 5/5
   309 | D:1      | Reached skill level 5 in Necromancy
   713 | D:1      | Reached XP level 3. HP: 22/24 MP: 3/6
   718 | D:1      | HP: 1/24 [gnoll/flail (12)]
  1085 | D:2      | Found a burning altar of Makhleb.
  1085 | D:2      | Noticed a cacodemon
  1089 | D:2      | Noticed a smoke demon
  1089 | D:2      | Noticed a ynoxinul
  1499 | D:2      | Reached XP level 4. HP: 27/31 MP: 7/7
  1610 | D:2      | Learned a level 3 spell: Vampiric Draining
  2902 | D:4      | Found Kutig's Book Boutique.
  2937 | D:4      | Found a staircase to the Ecumenical Temple.
  2962 | Temple   | Entered the Ecumenical Temple
  3024 | Temple   | Became a worshipper of Kikubaaqudgha
  3075 | D:4      | Noticed Pikel
  3075 | D:4      | Noticed a slave
  3075 | D:4      | Noticed a slave
  3078 | D:4      | Noticed a slave
  3078 | D:4      | Noticed a slave
  3094 | D:4      | Killed a slave
  3098 | D:4      | Mangled by Pikel

Vault maps used:
D:1:      saegor_arrival_simple_e
D:2:      makhleb_altar_promises_db, minivault_19
D:4:      nemelex_xobeh_ov_fountains_minmay, minmay_temple_entry_grid,
          serial_shops, shop, nicolae_shop_behind_doors, nicolae_shop_crystal,
          kennysheep_little_box, shop, uniq_pikel
Temple:   cyrus_temple_forest_13

Action                   |  1- 3 |  4- 6 || total
-------------------------+-------+-------++-------
Melee: Unarmed           |    14 |       ||    14
       Dagger            |    30 |    26 ||    56
 Cast: Pain              |    31 |    50 ||    81
       Vampiric Draining |       |    14 ||    14
Evoke: Wand              |       |     1 ||     1
  Use: Scroll            |       |     2 ||     2
       Potion            |       |     2 ||     2
 Stab: Sleeping          |    10 |     5 ||    15
  Eat: Corpse            |     2 |     4 ||     6
